 Dungeon Crawl Stone Soup version 0.28.0-43-g3370ac3207 (webtiles) character file.

Game seed: 2576088211579277628

436 funkygono the Firebug (level 6, -7/41 HPs)
             Began as a Demonspawn Fire Elementalist on Mar 14, 2022.
             Was an Initiate of Vehumet.
             Mangled by Edmund
             ... wielding a +2 flail of protection
              (11 damage)
             ... on level 5 of the Dungeon.
             The game lasted 00:06:45 (5330 turns).

funkygono the Firebug (DsFE)                        Turns: 5330, Time: 00:06:46

Health: -7/41      AC:  3    Str:  9    XL:     6   Next: 68%
Magic:  0/12       EV: 12    Int: 18    God:    Vehumet [......]
Gold:   901        SH:  0    Dex: 13    Spells: 3/13 levels left

rFire   . . .      SeeInvis +   g - +1 whip
rCold   . . .      Faith    .   (no shield)
rNeg    + . .      Spirit   .   a - +0 robe
rPois   .          Reflect  .   (helmet restricted)
rElec   .          Harm     .   (no cloak)
rCorr   .          Rampage  .   (no gloves)
Will    .....                   (no boots)
Stlth   ++........              (no amulet)
HPRegen 0.13/turn               j - ring of see invisible
MPRegen 0.13/turn               l - ring of positive energy

@: no status effects
A: antennae 2, sharp scales 1
a: Renounce Religion


You were on level 5 of the Dungeon.
You worshipped Vehumet.
Vehumet was noncommittal.
You visited 2 branches of the dungeon, and saw 6 of its levels.

You collected 966 gold pieces.
You spent 65 gold pieces at shops.

Inventory:

Hand Weapons
 g - a +1 whip (weapon)
Armour
 a - a +0 robe (worn)
 i - a scarf of shadows
Jewellery
 j - a ring of see invisible (left hand)
 l - a ring of positive energy (right hand)
 r - a ring of flight
Wands
 b - a wand of digging (3)
 h - a wand of polymorph (12)
 t - a wand of iceblast (1)
Scrolls
 f - a scroll of vulnerability
 m - a scroll of identify
 s - a scroll of blinking
Potions
 c - a potion of attraction
 d - a potion of mutation {unknown}
 e - a potion of lignification {unknown}
 k - 2 potions of heal wounds
 n - a potion of flight {unknown}
 o - 2 potions of magic
 p - a potion of ambrosia {unknown}
 v - 2 potions of might


   Skills:
 + Level 0.2 Fighting
 + Level 0.1 Maces & Flails
 + Level 2.0 Dodging
 - Level 1.7 Stealth
 * Level 4.3 Spellcasting
 * Level 3.1 Conjurations
 * Level 4.7 Fire Magic


You had 3 spell levels left.
You knew the following spells:

 Your Spells              Type           Power      Damage    Failure   Level
a - Foxfire               Conj/Fire      72%        2x1d7     2%          1
b - Scorch                Fire           40%        2d7       3%          2
c - Conjure Flame         Conj/Fire      18%        6-21      9%          3
d - Flame Wave            Conj/Fire      18%        2d6       28%         4

Your spell library contained the following spells:

 Spells                   Type           Power      Damage    Failure   Level
 Inner Flame              Hex/Fire       12%        N/A       16%         3
 Ignite Poison            Fire/Tmut/Pois 9%         N/A       22%         3
 Mephitic Cloud           Conj/Pois/Air  7%         N/A       28%         3
 Freezing Cloud           Conj/Ice/Air   3%         6-21      95%         5


Dungeon Overview and Level Annotations

Branches:
Dungeon (5/15)             Temple (1/1) D:4

Altars:
Ashenzari
Cheibriados
Dithmenos
Elyvilon
Fedhas
Gozag
Hepliaklqana
Kikubaaqudgha
Makhleb
Nemelex Xobeh
Okawaru
Qazlal
Sif Muna
Uskayaw
Vehumet
Wu Jian
Xom
Yredelemnul
Zin
The Shining One

Shops:
D:4 !

Annotations:
D:5 Edmund


Innate Abilities, Weirdness & Mutations

You have a pair of antennae on your head.
You are partially covered in razor-sharp scales. (AC +1, Slay +1)


Message History

Edmund is no longer more vulnerable to fire.
The foxfire hits Edmund but does no damage.
Edmund is almost dead.
The foxfire hits Edmund but does no damage.
Edmund is almost dead.
You hit Edmund.
Edmund is almost dead.
Edmund barely misses you.
You hit Edmund but do no damage.
Edmund is almost dead.
Edmund closely misses you.
You barely miss Edmund.
Edmund is almost dead.
Edmund closely misses you.
You hit Edmund but do no damage.
Edmund is almost dead.
Edmund hits you with a +2 flail of protection!
You hit Edmund but do no damage.
Edmund is almost dead.
Edmund hits you with a +2 flail of protection!
* * * LOW HITPOINT WARNING * * *
Casting: Foxfire (safe; 2% risk of failure)
Confirm with . or Enter, or press ? or * to list all spells.
You conjure some foxfire!
Edmund misses you.
Unknown command.
You hit Edmund but do no damage.
Edmund is almost dead.
The foxfire hits Edmund but does no damage.
Edmund is almost dead.
The foxfire hits Edmund.
Edmund is almost dead.
Edmund barely misses you.
You hit Edmund but do no damage. Your punch misses Edmund.
Edmund is almost dead.
Edmund hits you with a +2 flail of protection!
* * * LOW HITPOINT WARNING * * *
You closely miss Edmund.
Edmund is almost dead.
Edmund hits you with a +2 flail of protection!
You die...

.$.....................#
#....................##
##......#...)...>......#
#.......#..............#
........#..............#
#................#
####..##.#..........#
#.....@..##........##
#....#....@####......###
..###..###.........#...##
#.# #####..........## ...
#........(...# ....
#............# ......
#.....(......# #....
##..........## #...
##...##...## ##########


You could see Edmund.

Vanquished Creatures
  A black bear (D:4)
  2 hounds
  2 orc priests (D:4)
  Jessica (D:3)
  2 iguanas (D:5)
  2 hound skeletons
  5 adders
  An adder skeleton (D:4)
  2 worms (D:3)
  A dart slug (D:3)
  4 orcs
  12 ball pythons
  4 endoplasms
  2 giant cockroaches (D:1)
  5 goblins
  7 hobgoblins
  5 jackals
  3 quokkas
  2 bats
  4 frilled lizards
  8 kobolds
  3 rats
78 creatures vanquished.

Vanquished Creatures (others)
  258 foxfires
258 creatures vanquished.

Grand Total: 336 creatures vanquished

Notes
Turn   | Place    | Note
-------+----------+-------------------------------------------
     0 | D:1      | funkygono the Demonspawn Fire Elementalist began the quest
                  | for the Orb.
     0 | D:1      | Reached XP level 1. HP: 13/13 MP: 3/3
   242 | D:1      | Gained mutation: You are partially covered in razor-sharp
                  | scales. (AC +1, Slay +1) [demonic ancestry]
   242 | D:1      | Reached XP level 2. HP: 19/19 MP: 1/5
   245 | D:1      | Learned a level 2 spell: Scorch
   282 | D:1      | Found a faded altar of an unknown god.
  1230 | D:2      | Gained mutation: You have a pair of small antennae on your
                  | head. [demonic ancestry]
  1230 | D:2      | Reached XP level 3. HP: 14/24 MP: 0/6
  2287 | D:3      | Gained mutation: You have a pair of antennae on your head.
                  | [demonic ancestry]
  2287 | D:3      | Reached XP level 4. HP: 12/30 MP: 1/8
  2735 | D:3      | Learned a level 3 spell: Conjure Flame
  2919 | D:3      | Noticed Jessica
  2925 | D:3      | Killed Jessica
  2926 | D:3      | Reached XP level 5. HP: 31/35 MP: 0/9
  2932 | D:3      | Learned a level 4 spell: Flame Wave
  3258 | D:4      | Found a staircase to the Ecumenical Temple.
  3283 | Temple   | Entered the Ecumenical Temple
  3497 | Temple   | Became a worshipper of Vehumet
  3657 | D:4      | Noticed a black bear
  3662 | D:4      | Killed a black bear
  3944 | D:4      | Reached XP level 6. HP: 41/41 MP: 6/11
  4702 | D:4      | Found Veepelof's Distillery.
  4725 | D:4      | Bought a potion of heal wounds for 65 gold pieces
  4977 | D:4      | Identified a scroll of acquirement
  4977 | D:4      | Acquired 717 gold pieces
  5021 | D:5      | Entered Level 5 of the Dungeon
  5309 | D:5      | Noticed Edmund
  5330 | D:5      | Mangled by Edmund

Illustrated notes

Levels and vault maps discovered:
D:1:      heliophobic_arrival_henge, layout_loops_ring,
          chequers_ecumenical_altar_island, minmay_misc_feat_square,
          minmay_misc_feat_columns, minmay_worlds_worst_comb
D:2:      layout_loops_ring
D:3:      layout_loops_ring, kennysheep_crisscross, item_on_display_a,
          uniq_jessica
D:4:      minmay_general_purpose_star, layout_loops_corners,
          minmay_temple_entry_glass, serial_shops, nicolae_diamond_shop
D:5:      layout_rooms, uniq_edmund
Temple:   mainiacjoe_temple_cubbyholes

Skill      XL: |  1  2  3  4  5  6 |
---------------+-------------------+-----
Fire Magic     | 3 4 |  4.7
Conjurations   | 2 3 |  3.1
Spellcasting   | 3 4 |  4.3
Dodging        | 2 |  2.0
Fighting       | |  0.2
Maces & Flails | |  0.1
Stealth        | |  1.7

Action                   |  1- 3 |  4- 6 || total
-------------------------+-------+-------++-------
Melee: Whip              |    18 |    15 ||    33
       Punch             |     1 |       ||     1
 Cast: Foxfire           |    64 |    90 ||   154
       Scorch            |     7 |    11 ||    18
  Use: Scroll            |       |    10 ||    10
Armor: Robe              |     3 |     3 ||     6
Dodge: Dodged            |    30 |    15 ||    45
